 Dungeon Crawl Stone Soup version 0.18.1-50-g88ac8fd (webtiles) character file.

228 BTG the Insei (level 5, -4/41 HPs)
             Began as a Vampire Monk on Oct 19, 2016.
             Was a Believer of Yredelemnul.
             Killed from afar by an orc wizard (6 damage)
             ... with a puff of flame
             ... on level 4 of the Dungeon.
             The game lasted 00:20:46 (3350 turns).

BTG the Insei (Vampire Monk)                        Turns: 3350, Time: 00:20:48

Health: -4/41      AC:  9    Str: 11    XL:     5   Next: 70%
Magic:  5/5        EV: 13    Int: 13    God:    Yredelemnul [**....]
Gold:   92         SH:  0    Dex: 18    Spells: 0 memorised, 4 levels left

rFire  . . .     SeeInvis +       - Unarmed
rCold  + . .     Gourm    .     k - +2 ring mail {rC+}
rNeg   . . .     Faith    .     (no shield)
rPois  .         Spirit   .     (no helmet)
rElec  .         Dismiss  .     m - +0 cloak
rCorr  .         Reflect  .     e - +0 pair of gloves
SustAt .         Harm     .     (no boots)
MR     .....     Rnd*Tele +     n - amulet of regeneration
Stlth  +++.......               q - ring of teleportation
                                b - +2 ring of dexterity

@: regenerating quickly, not resistant to hostile enchantments, fairly stealthy
A: fangs 3, see invisible, unbreathing
a: Animate Remains, Recall Undead Slaves, Injury Mirror, Renounce Religion


You were on level 4 of the Dungeon.
You worshipped Yredelemnul.
Yredelemnul was pleased with you.
You were full.

You visited 1 branch of the dungeon, and saw 4 of its levels.

You collected 92 gold pieces.

Inventory:

Hand Weapons
 o - a +0 short sword
Armour
 a - a +0 robe
 e - a +0 pair of gloves (worn)
 j - a +0 ring mail
 k - a +2 ring mail of cold resistance (worn)
 m - a +0 cloak (worn)
 u - a +0 cloak
Jewellery
 b - a +2 ring of dexterity (left hand)
 n - an amulet of regeneration (around neck)
 p - an uncursed amulet of harm
 q - a ring of teleportation (right hand)
Wands
 E - a wand of confusion (33/48)
Scrolls
 c - a scroll of enchant weapon {unknown}
 f - 2 scrolls of immolation
 i - a scroll of random uselessness {unknown}
 l - 2 scrolls of identify
 s - 4 scrolls of recharging {unknown}
 t - a scroll of blinking {unknown}
 x - a scroll of remove curse
 y - a scroll of fear {unknown}
 D - a scroll of noise {unknown}
Potions
 d - 2 potions of cancellation
 g - 2 potions of mutation {unknown}
 h - a potion of magic {unknown}
 r - 3 potions of brilliance {unknown}
 v - a potion of flight {unknown}
 w - a potion of heal wounds {unknown}
 z - a potion of curing {unknown}
 A - a potion of resistance {unknown}
 B - a potion of lignification {unknown}
 C - a potion of haste {unknown}


   Skills:
 + Level 3.1 Fighting
 + Level 1.3 Armour
 + Level 4.8 Dodging
 + Level 5.0 Stealth
 + Level 5.2 Unarmed Combat
 + Level 0.5 Invocations


You had 4 spell levels left.
You didn't know any spells.

Dungeon Overview and Level Annotations

Branches:
Dungeon (4/15)
 Temple: D:4-7

Altars:
Elyvilon
Okawaru
Pakellas
Qazlal
Trog
Vehumet
Xom
Yredelemnul
Zin


Innate Abilities, Weirdness & Mutations

Your natural rate of healing is unusually fast.
You have razor-sharp teeth.
You have supernaturally acute eyesight.
You can survive without breathing.


Message History

The orc wizard is heavily wounded.
The orc priest invokes the aid of Beogh against you.
Beogh smites you!
The orc wizard hits you but does no damage.
You barely miss the orc wizard. You bite the orc wizard.
The orc wizard is severely wounded.
The orc wizard barely misses you.
You closely miss the orc wizard. Your bite misses the orc wizard.
The orc wizard is severely wounded.
The orc wizard points at you and mumbles some strange words.
The puff of frost misses you.
You barely miss the orc wizard.
The orc wizard is severely wounded.
The orc priest invokes the aid of Beogh against you.
Beogh smites you!
* * * LOW HITPOINT WARNING * * *
The orc wizard casts a spell at you. The puff of flame hits you!
You die...
Yredelemnul claims you as an undead slave.

#..............##.#
#.############.##.#
#.# #.##.# #.#
#....# #.# ####.# #
#.# #.# #.#.# ###
#.#.##########
#.....@ooo....
###.##########
#........#
########.#


You could see 2 orc priests and an orc wizard (invisible).

Vanquished Creatures
  2 hounds (D:2)
  An orc wizard (D:4)
  A worker ant (D:4)
  A gnoll (D:2)
  6 adders
  A worm (D:3)
  2 giant geckos (D:1)
  A bat (D:1)
  7 giant cockroaches
  7 goblins
  2 hobgoblins
  6 jackals
  7 kobolds
  2 quokkas
  3 giant newts
  2 rats
51 creatures vanquished.

Vanquished Creatures (collateral kills)
  A bat (D:3)
  2 goblins (D:3)
3 creatures vanquished.

Vanquished Creatures (others)
  A jackal skeleton (D:2)
1 creature vanquished.

Grand Total: 55 creatures vanquished

Notes
Turn   | Place    | Note
--------------------------------------------------------------
     0 | D:1      | BTG the Vampire Monk began the quest for the Orb.
     0 | D:1      | Reached XP level 1. HP: 17/17 MP: 1/1
   296 | D:1      | Reached XP level 2. HP: 19/23 MP: 2/2
  1576 | D:2      | Reached XP level 3. HP: 23/28 MP: 3/3
  1592 | D:2      | Found a basalt altar of Yredelemnul.
  1618 | D:2      | Became a worshipper of Yredelemnul the Dark
  1618 | D:2      | Reached * piety under Yredelemnul
  1618 | D:2      | Reached ** piety under Yredelemnul
  1774 | D:2      | Reached XP level 4. HP: 21/35 MP: 4/4
  1928 | D:2      | Reached skill level 5 in Unarmed Combat
  1988 | D:2      | Reached skill level 1 in Armour
  2202 | D:3      | Found a shimmering altar of Xom.
  2277 | D:3      | Found a radiant altar of Vehumet.
  2293 | D:3      | Reached XP level 5. HP: 32/41 MP: 5/5
  2432 | D:3      | Found a white marble altar of Elyvilon.
  2438 | D:3      | Found an iron altar of Okawaru.
  2439 | D:3      | Found an oddly glowing altar of Pakellas.
  2439 | D:3      | Found a bloodstained altar of Trog.
  2441 | D:3      | Found a stormy altar of Qazlal.
  2443 | D:3      | Found a glowing silver altar of Zin.
  2583 | D:3      | Found an oddly glowing altar of Pakellas.
  3342 | D:4      | Reached skill level 5 in Stealth
  3350 | D:4      | HP: 2/41 [orc priest/divine providence (14)]
  3350 | D:4      | Killed from afar by an orc wizard

Skill      XL: |  1  2  3  4  5 |
---------------+----------------+-----
Dodging        | 4 |  4.8
Fighting       | 3 |  3.1
Stealth        | 4 5 |  5.0
Unarmed Combat | 5 |  5.2
Armour         | 1 |  1.3
Invocations    | |  0.5

Action                   |  1- 3 |  4- 6 || total
-------------------------+-------+-------++-------
Melee: Unarmed           |    79 |   128 ||   207
       Bite              |    10 |    15 ||    25
       Punch             |     1 |     2 ||     3
Invok: Animate Remains   |     1 |     2 ||     3
  Use: Scroll            |     1 |     4 ||     5
 Stab: Sleeping          |     4 |     9 ||    13
  Eat: Corpse            |     8 |     7 ||    15
Armor: Robe              |     6 |       ||     6
       Ring mail         |    25 |    35 ||    60
Dodge: Dodged            |    66 |    78 ||   144
